 Dungeon Crawl Stone Soup version 0.17-a0-1464-g59a308b (webtiles) character file.

21 Kisielow the Conjurer (level 2, -3/15 HPs)
             Began as a Deep Elf Conjurer on July 1, 2015.
             Slain by Ijyb
             ... wielding a +0 dagger
              (4 damage)
             ... on level 2 of the Dungeon.
             The game lasted 00:03:27 (1146 turns).

Kisielow the Conjurer (Deep Elf Conjurer)           Turns: 1146, Time: 00:03:27

Health: -3/15      AC:  2    Str: 10    XL:     2   Next: 65%
Magic:  1/8        EV: 13    Int: 19    God:
Gold:   22         SH:  0    Dex: 15    Spells: 2 memorised, 4 levels left

rFire  . . .     SeeInvis .     k - +0 short sword
rCold  . . .     Clarity  .     a - +0 robe
rNeg   . . .     SustAt   .     (no shield)
rPois  .         Gourm    .     (no helmet)
rElec  .         Spirit   .     (no cloak)
rCorr  .         Warding  .     (no gloves)
rMut   .         Stasis   +     (no boots)
MR     .....                    e - amulet of stasis
Stlth  ++........               (no ring)
                                (no ring)

@: mighty, not resistant to hostile enchantments, unstealthy
A: no striking features
a: no special abilities


You were on level 2 of the Dungeon.
You were hungry.

You visited 1 branch of the dungeon, and saw 2 of its levels.

You collected 22 gold pieces.

Inventory:

Hand weapons
 k - a +0 short sword (weapon)
Armour
 a - a +0 robe (worn)
Jewellery
 e - an amulet of stasis (around neck)
Scrolls
 d - 2 scrolls of blinking {unknown}
 j - a scroll of fog {unknown}
 l - 2 scrolls of identify {unknown}
Potions
 f - a potion of might
 g - a potion of heal wounds {unknown}
 i - a potion of agility {unknown}
 m - a potion of ambrosia {unknown}
Books
 b - a book of Conjurations

   Spells                             Type                      Level
   a - Magic Dart                     Conjuration                  1
   b - Searing Ray                    Conjuration                  2
   c - Dazzling Spray                 Conjuration/Hexes            3
   d - Fulminant Prism                Conjuration/Hexes            4
   e - Iskenderun's Mystic Blast      Conjuration                  4
   f - Iskenderun's Battlesphere      Conjuration/Charms           5
Comestibles
 c - a bread ration
 h - a beef jerky


   Skills:
 - Level 2.4 Dodging
 - Level 2.4 Stealth
 - Level 3.0 Spellcasting
 + Level 5.3 Conjurations


You had 4 spell levels left.
You knew the following spells:

 Your Spells              Type           Power        Failure   Level  Hunger
a - Magic Dart            Conj           ###.         1%          1    None
s - Searing Ray           Conj           ###...       2%          2    ##.....


Dungeon Overview and Level Annotations

Branches:
Dungeon (2/15)

Altars:

Annotations:
D:2 Ijyb


Message History

Confirm with . or Enter, or press ? or * to list all spells.
Aiming: Searing Ray
Press: ? - help, Shift-Dir - straight line, f/p - Ijyb
Aim: Ijyb, wielding a dagger and wearing a chain mail (lightly wounded)
The searing ray hits Ijyb.
Ijyb is moderately wounded.
Ijyb barely misses you.
Drink which item? (? for menu, Esc to quit)
It was a potion of might.
You feel very mighty all of a sudden. Ijyb hits you with a dagger.
* * * LOW HITPOINT WARNING * * *
You hit Ijyb but do no damage.
Ijyb is moderately wounded.
Ijyb hits you with a dagger.
* * * LOW HITPOINT WARNING * * *
You closely miss Ijyb.
Ijyb is moderately wounded.
Ijyb hits you with a dagger.
You die...

# ###
#####>####.#############
..........#.............
.#....##.###..(..###
...# ###.......#g# #.#
#....g..<.#g# .# #.#
#.#.......#@# .#
#.####.#.........#####
.#
.....................#
.#
.g...(.........#####.#
.# .....#.........# #.#
.# ....#...##..####
#.###.# ##########..#
#.....# ).#..## #..#
#####.......
##.##.####..#####
.#####.


You could see Ijyb and a goblin.

Vanquished Creatures
  An adder (D:2)
  A goblin (D:1)
  A hobgoblin (D:1)
  3 kobolds
  3 bats
  A giant newt (D:2)
  4 rats
14 creatures vanquished.

Notes
Turn   | Place    | Note
--------------------------------------------------------------
     0 | D:1      | Kisielow the Deep Elf Conjurer began the quest for the Orb.
     0 | D:1      | Reached XP level 1. HP: 10/10 MP: 6/6
   423 | D:1      | You fall through a shaft!
   495 | D:2      | Reached XP level 2. HP: 15/15 MP: 6/8
   508 | D:2      | Reached skill level 5 in Conjurations
   553 | D:1      | Learned a level 2 spell: Searing Ray
  1072 | D:2      | Noticed Ijyb
  1146 | D:2      | Slain by Ijyb

Vault maps used:
D:1:      dpeg_arrival_erosion, amethyst_killhole
D:2:      wad_river_or_something, minitemple, uniq_iyjb

Action                   || total
-------------------------++-------
Melee: Short sword       ||     2
 Cast: Magic Dart        ||    31
       Searing Ray       ||     2
  Use: Potion            ||     1
